 Dungeon Crawl Stone Soup version 0.29-a0-359-g541a27f54d (webtiles) character file.

Game seed: 9543210172569340192

459 kevlar127 the Ruffian (level 6, -8/94 HPs)
             Began as a Troll Berserker on Apr 27, 2022.
             Was a Priest of Trog.
             Mangled by Pikel
             ... wielding a +0 whip of flaming
              (9 damage)
             ... on level 5 of the Dungeon.
             The game lasted 00:08:07 (3378 turns).

kevlar127 the Ruffian (Troll Berserker)             Turns: 3378, Time: 00:08:08

Health: -8/94      AC:  4    Str: 28    XL:     6   Next: 78%
Magic:  5/5        EV: 10    Int:  3    God:    Trog [***...]
Gold:   160        SH:  0    Dex: 15    Spells: 5/5 levels left

rFire   . . .      SeeInvis +     - Unarmed
rCold   . . .      Faith    .   (no shield)
rNeg    . . .      Spirit   .   a - +0 animal skin
rPois   .          Reflect  .   (helmet restricted)
rElec   .          Harm     .   (no cloak)
rCorr   .          Rampage  .   (gloves unavailable)
Will    .....                   (boots unavailable)
Stlth   ..........              (no amulet)
HPRegen 1.05/turn               d - +6 ring of dexterity
MPRegen 0.09/turn               c - ring of see invisible

@: berserking, very quick
A: large, unfitting armour, claws 3, regeneration 1, shaggy fur 1, tough skin 1
a: Renounce Religion, Berserk, Trog's Hand


You were on level 5 of the Dungeon.
You worshipped Trog.
Trog was most pleased with you.
You visited 1 branch of the dungeon, and saw 5 of its levels.

You collected 160 gold pieces.

Inventory:

Missiles
 l - 5 poisoned darts (quivered)
 m - 4 silver javelins
 n - 147 stones
Armour
 a - a +0 animal skin (worn)
Jewellery
 c - a ring of see invisible (right claw)
 d - a +6 ring of dexterity (left claw)
Wands
 r - a wand of digging (5)
Scrolls
 b - 6 scrolls of identify {unknown}
 f - a scroll of torment {unknown}
 g - 3 scrolls of blinking {unknown}
 h - 4 scrolls of teleportation {unknown}
 i - a scroll of enchant armour {unknown}
 j - a scroll of immolation {unknown}
 k - a scroll of amnesia {unknown}
 o - 2 scrolls of magic mapping {unknown}
 s - a scroll of silence {unknown}
 t - a scroll of holy word {unknown}
 v - 3 scrolls of fear {unknown}
 w - a scroll of fog {unknown}
Potions
 e - 2 potions of magic {unknown}
 p - 2 potions of curing {unknown}
 q - a potion of attraction {unknown}
 u - a potion of invisibility {unknown}
 x - a potion of degeneration {unknown}


   Skills:
 + Level 4.7 Fighting
 - Level 3.0 Dodging
 + Level 5.6 Unarmed Combat


You had 5 spell levels left.
You didn't know any spells.
Your spell library was empty.

Dungeon Overview and Level Annotations

Branches:
Dungeon (5/15)
 Temple: D:4-7

Altars:
Fedhas
Nemelex Xobeh
Vehumet

Annotations:
D:3 3 runed translucent doors, Hubris850's ghost, novice DEHu
D:5 Pikel


Innate Abilities, Weirdness & Mutations

You are too large for most types of armour.
You have claws for hands.
Your natural rate of healing is unusually fast.
You are covered in fur. (AC +1)
You have tough skin. (AC +1)


Message History

Pikel hits you with a +0 whip of flaming.
Pikel burns you.
You barely miss Pikel. Pikel barely misses you. The lemure hits you.
You scratch Pikel but do no damage. You claw Pikel, but do no damage.
Pikel hits you with a +0 whip of flaming.
Pikel burns you. The lemure hits you.
You barely miss Pikel. Your claw misses Pikel. Pikel closely misses you.
The sky beast barely misses you. The lemure closely misses you.
The lemure hits you but does no damage.
You claw Pikel!
Pikel is heavily wounded.
The sky beast closely misses you. The lemure hits you but does no damage.
Pikel hits you with a +0 whip of flaming.
Pikel burns you.
You scratch Pikel but do no damage.
Pikel is heavily wounded.
Pikel hits you with a +0 whip of flaming.
Pikel burns you. The sky beast hits you. The sky beast shocks you.
The lemure barely misses you. The lemure hits you.
A red film seems to cover your vision as you go berserk!
You feel yourself moving faster!
You feel mighty! The lemure completely misses you.
Pikel hits you with a +0 whip of flaming!
Pikel burns you. The sky beast hits you. The sky beast shocks you.
* * * LOW HITPOINT WARNING * * *
The lemure barely misses you. The lemure hits you.
* * * LOW HITPOINT WARNING * * *
You closely miss the sky beast. You claw the sky beast!
The sky beast is moderately wounded.
The lemure hits you.
* * * LOW HITPOINT WARNING * * *
The ogre barely misses you. The sky beast hits you.
* * * LOW HITPOINT WARNING * * *
The sky beast shocks you.
* * * LOW HITPOINT WARNING * * *
The lemure hits you!
* * * LOW HITPOINT WARNING * * *
Pikel hits you with a +0 whip of flaming!
You die...

# ..#h ..##...
....... #
.......###+###..
.....?........$.
..#.............
.......<........
.........O......
....#..5@Y......
... #..K55......
...^..#.........
.....#.........
.....##........
..... ...<.....
... .......#.
.......#


You could see Pikel, a sky beast, an ogre and 3 lemures.

Vanquished Creatures
  A water moccasin (D:4)
  An ogre (D:4)
  A lemure (D:5)
  A scorpion (D:4)
  A hound (D:4)
  Jessica (D:2)
  An orc wizard (D:3)
  5 adders
  2 dart slugs
  4 orcs (D:3)
  10 endoplasms
  2 giant cockroaches
  7 goblins
  7 hobgoblins
  4 jackals
  7 ball pythons
  4 bats
  3 frilled lizards
  5 kobolds
  7 rats
74 creatures vanquished.

Notes
Turn   | Place    | Note
-------+----------+-------------------------------------------
     0 | D:1      | kevlar127 the Troll Berserker began the quest for the Orb.
     0 | D:1      | Reached XP level 1. HP: 22/22 MP: 0/0
   201 | D:1      | Reached XP level 2. HP: 29/29 MP: 1/1
   444 | D:1      | You fall into a shaft and drop 1 floor!
   445 | D:2      | Noticed Jessica
   459 | D:2      | Killed Jessica
   460 | D:2      | Reached XP level 3. HP: 15/37 MP: 2/2
   546 | D:2      | Reached ** piety under Trog
   694 | D:2      | Found a faded altar of an unknown god.
   765 | D:2      | Reached XP level 4. HP: 45/45 MP: 3/3
  1959 | D:2      | Identified the +7 war axe of Unoattel {flame, Int+2}
  2120 | D:3      | Reached skill level 4 in Unarmed Combat
  2239 | D:3      | Noticed Hubris850's ghost (novice DEHu)
  2241 | D:3      | Found a runed translucent gate.
  2242 | D:3      | Found a runed translucent gate.
  2321 | D:3      | Reached XP level 5. HP: 53/53 MP: 4/4
  2442 | D:3      | Found a runed translucent gate.
  2607 | D:3      | Found a sparkling altar of Nemelex Xobeh.
  2614 | D:3      | Found a radiant altar of Vehumet.
  2753 | D:4      | Noticed an ogre
  2758 | D:4      | Killed an ogre
  2800 | D:4      | Reached *** piety under Trog
  2801 | D:4      | Reached skill level 5 in Unarmed Combat
  2801 | D:4      | Reached XP level 6. HP: 62/62 MP: 5/5
  3029 | D:4      | Found a blossoming altar of Fedhas.
  3079 | D:4      | Noticed a water moccasin
  3086 | D:4      | Killed a water moccasin
  3364 | D:5      | Entered Level 5 of the Dungeon
  3365 | D:5      | Noticed Pikel
  3365 | D:5      | Noticed a sky beast
  3378 | D:5      | HP: 1/94 [lemure[Pikel] (8)]
  3378 | D:5      | Mangled by Pikel

Illustrated notes

Levels and vault maps discovered:
D:1:      kennysheep_arrival_forest, layout_basic
D:2:      layout_rooms, ebering_ecumenical_altar_mist, serial_glass,
          glass_columns_a, glass_columns_a, minmay_crystal_water,
          grunt_decor_cap, hangedman_decor_push, grunt_decor_mini_mirrors,
          uniq_jessica
D:3:      layout_basic, amethyst_overflow_temple_binary, gammafunk_ghost_split
D:4:      layout_loops_ring, fedhas_altar_4
D:5:      layout_cave_pools, minmay_temple_entry_glassed_door,
          serial_column_ruins, column_ruins_hut, column_ruins_open_small,
          column_ruins_grid_3, column_ruins_open_small, column_ruins_columns_T,
          column_ruins_grid_1, column_ruins_grid_1,
          minmay_fractal_squares_gapless_5, uniq_pikel

Skill      XL: |  1  2  3  4  5 |
---------------+----------------+-----
Fighting       | 3 4 |  4.7
Dodging        | 3 |  3.0
Unarmed Combat | 4 5 |  5.6

Action                   |  1- 3 |  4- 6 || total
-------------------------+-------+-------++-------
Melee: Unarmed           |    72 |   105 ||   177
       Punch             |     1 |     4 ||     5
Invok: Berserk           |       |     2 ||     2
Armor: Animal skin       |    25 |    40 ||    65
Dodge: Dodged            |    26 |    56 ||    82

Table legend: (Time is in decaauts)
 A = Elapsed time spent in this place.
 B = Non-inter-level travel time spent in this place.
 C = Inter-level travel time spent in this place.
 D = Time resting spent in this place.
 E = Time spent auto-exploring this place.
 F = Levels seen in this place.
 G = Mean time per level.
                   A        B        C        D        E       F      G
               +--------+--------+--------+--------+--------+-----+--------+
         Total |   3374 |   3142 |    232 |    378 |   2322 |   5 |  674.8 |
       Dungeon |   3374 |   3142 |    232 |    378 |   2322 |   5 |  674.8 |
               +--------+--------+--------+--------+--------+-----+--------+

Top non-repeatable levels by time:
     D:1: 1298 daAuts
     D:2: 823 daAuts
     D:4: 621 daAuts
     D:3: 618 daAuts
     D:5: 12 daAuts
